 Dungeon Crawl Stone Soup version 0.20-a0-738-gb057e68 (webtiles) character file.

13610 Ijustatesigmund the Destroyer (level 12, -1/73 HPs)
             Began as a Gargoyle Conjurer on Feb 23, 2017.
             Was an Elder of Vehumet.
             Slain by a skeletal warrior
             ... wielding a +2 halberd of flaming
              (7 damage)
             ... in a volcano.
             The game lasted 00:57:19 (14790 turns).

Ijustatesigmund the Destroyer (Gargoyle Conjurer)  Turns: 14790, Time: 00:57:19

Health: -1/73      AC: 26    Str: 14    XL:     12   Next: 7%
Magic:  29/33      EV: 12    Int: 19    God:    Vehumet [****..]
Gold:   666        SH:  5    Dex: 10    Spells: 5/27 levels left

rFire    . . .     SeeInvis .   o - +1 flail
rCold    . . .     Gourm    .   C - +0 steam dragon scales
rNeg     + . .     Faith    .   p - +0 buckler
rPois    ∞         Spirit   .   s - +0 helmet
rElec    +         Reflect  .   g - +2 cloak
rCorr    .         Harm     .   u - +2 pair of gloves
MR       .....                  (no boots)
Stlth    ++........             (no amulet)
Regen    0.3/turn               y - +3 ring of protection
MPRegen  0.3/turn               w - ring of magical power

@: very slightly contaminated, hasted, very quick
A: negative energy resistance 1, electricity resistance, unbreathing,
petrification resistance, rot immunity, AC +8
a: Renounce Religion


You were in a volcano.
You worshipped Vehumet.
Vehumet was greatly pleased with you.
You were not hungry.

You visited 3 branches of the dungeon, and saw 12 of its levels.
You also visited: Ossuary and Volcano.

You collected 666 gold pieces.

Inventory:

Hand Weapons
 l - a cursed -3 dagger
 o - a +1 flail (weapon)
 E - a +3 dire flail
 L - a +1 whip of electrocution
Armour
 g - a +2 cloak (worn)
 k - the +8 plate armour of Untold Secrets {-Tele rC+ Int+6 SInv}
   (You found it on level 5 of the Dungeon)

   It affects your intelligence (+6).
   It protects you from cold.
   It lets you see invisible.
   It prevents most forms of teleportation.
 p - a +0 buckler (worn)
 s - a +0 helmet (worn)
 u - a +2 pair of gloves (worn)
 C - +0 steam dragon scales (worn)
Jewellery
 w - a ring of magical power (left hand)
 x - an uncursed ring of ice
 y - a +3 ring of protection (right hand)
 I - an uncursed ring of flight
 M - an uncursed ring of protection from magic
Wands
 f - a wand of flame (12/48)
 q - a wand of random effects (45/48)
 G - a wand of lightning (0/15)
Scrolls
 d - 2 scrolls of teleportation
 j - 4 scrolls of immolation
 m - 6 scrolls of remove curse
 v - a scroll of magic mapping
 F - a scroll of amnesia
 O - 2 scrolls of enchant weapon
Potions
 a - a potion of heal wounds
 e - a potion of haste
 h - a potion of brilliance
 i - 5 potions of curing
 n - 3 potions of mutation
 r - 2 potions of resistance
 z - 2 potions of lignification
 A - a potion of might
 B - 2 potions of magic
 D - a potion of cancellation
 N - a potion of agility {unknown}
Books
 b - a book of Conjurations

   Spells                             Type                      Level
   a - Magic Dart                     Conjuration                  1
   b - Searing Ray                    Conjuration                  2
   c - Dazzling Spray                 Conjuration/Hexes            3
   d - Fulminant Prism                Conjuration/Hexes            4
   e - Force Lance                    Conjuration/Translocation    4
   f - Iskenderun's Mystic Blast      Conjuration                  4
Comestibles
 c - 5 bread rations
 t - 5 royal jellies
 H - 2 meat rations


   Skills:
 - Level 7.8 Fighting
 - Level 5.6 Maces & Flails
 - Level 7.3 Armour
 - Level 1.5 Dodging
 - Level 2.1 Stealth
 - Level 5.0 Shields
 - Level 8.0 Spellcasting
 + Level 11.0 Conjurations
 - Level 6.2 Hexes
 - Level 2.8 Poison Magic


You had 5 spell levels left.
You knew the following spells:

 Your Spells              Type           Power        Failure   Level  Hunger
a - Magic Dart            Conj           ####         1%          1    None
b - Searing Ray           Conj           #####.       1%          2    None
c - Dazzling Spray        Conj/Hex       #####.       1%          3    None
d - Iskenderun's Mystic   Conj           #####...     1%          4    ###....
e - Fulminant Prism       Conj/Hex       #####.....   1%          4    ###....
f - Ignite Poison         Fire/Tmut/Pois ##......     5%          3    None
g - Venom Bolt            Conj/Pois      ####......   4%          5    #####..


Dungeon Overview and Level Annotations

Branches:
Dungeon (10/15)            Temple (1/1) D:5            Lair (1/6) D:10
    Orc: D:9-12

Altars:
Ashenzari
Dithmenos
Elyvilon
Fedhas
Gozag
Hepliaklqana
Kikubaaqudgha
Makhleb
Nemelex Xobeh
Qazlal
Ru
Sif Muna
Trog
Uskayaw
Vehumet
Wu Jian
Xom
Yredelemnul
Zin
The Shining One
Lugonu

Annotations:
D:10 Snorg


Innate Abilities, Weirdness & Mutations

You are resistant to torment.
Your stone body is resilient. (AC +8)
You are immune to poison.
You resist negative energy. (rN+)
You are resistant to electric shocks. (rElec)
You can survive without breathing.
You are immune to petrification.
You are immune to rotting.


Message History

Confirm with . or Enter, or press ? or * to list all spells.
Aiming: Iskenderun's Mystic Blast
Press: ? - help, Shift-Dir - straight line, f - skeletal warrior
Aim: a skeletal warrior, wielding a halberd of flaming (lightly damaged)
The orb of energy hits the skeletal warrior.
The skeletal warrior is moderately damaged.
The orb of energy explodes!
The skeletal warrior hits you with a halberd of flaming!
The skeletal warrior burns you.
* * * LOW HITPOINT WARNING * * *
You feel yourself speed up.
The skeletal warrior hits you with a halberd of flaming.
* * * LOW HITPOINT WARNING * * *
The skeletal warrior burns you.
* * * LOW HITPOINT WARNING * * *
You are very lightly contaminated with residual magic.
The skeletal warrior hits you from afar with a halberd of flaming!
* * * LOW HITPOINT WARNING * * *
The skeletal warrior burns you!
You die...

#+#####+##
....$....###
.≈≈≈≈≈≈≈.'z+
........@###
#+#####'## ##
#..⌠..#
.##########.....#
≈'...8....).....#
.'........)..∩..+
≈'...8....'.....#
.##########.....+
## #..⌠..#


You could see a skeletal warrior.

Vanquished Creatures
  Gastronok (D:9)
  Erolcha (D:9)
  A two-headed ogre (D:6)
  Erica (D:9)
  Pikel (D:9)
  An ugly thing (D:10)
  2 gargoyles (Volcano)
  A komodo dragon (D:10)
  Prince Ribbit (D:8)
  A troll (D:9)
  The ghost of Nigilith the Poker, an amateur DsFi of Okawaru (D:4)
  A hippogriff (D:9)
  A meliai zombie (D:10)
  3 flying skulls (Volcano)
  5 yaks (D:9)
  Eustachio (D:6)
  A human (D:7)
  A steam dragon (D:8)
  4 hogs (D:7)
  The ghost of Ferkelamun the Slasher, an amateur FoFi (D:3)
  A hungry ghost (D:7)
  A water moccasin (D:7)
  4 sky beasts
  2 ice beasts
  4 phantoms
  4 orc warriors
  A black bear (D:6)
  4 ogres
  3 centaurs
  A big kobold (D:9)
  An elf zombie (Ossuary)
  9 bullfrogs
  2 scorpions
  13 wights
  2 troll skeletons (Volcano)
  5 howler monkeys
  3 centaur zombies (Ossuary)
  2 quasits (D:6)
  3 jellies
  5 crimson imps
  3 hounds
  A bullfrog zombie (D:10)
  A human zombie (Ossuary)
  3 orc priests
  Crazy Yiuf (D:4)
  2 centaur skeletons
  3 iguanas
  Terence (D:2)
  13 orc wizards
  6 worker ants
  2 big kobold zombies (Ossuary)
  A hound zombie (D:6)
  A hound skeleton (D:5)
  2 mummies (Ossuary)
  2 worker ant zombies
  3 gnolls (D:6)
  5 adders
  A shadow imp (D:6)
  An ooze (D:1)
  An adder skeleton (D:9)
  5 worms
  A dart slug (D:1)
  2 leopard geckos
  33 orcs
  4 giant cockroaches
  9 goblins
  4 hobgoblins
  15 kobolds
  5 quokkas
  5 bats
  4 frilled lizards
  12 hobgoblin zombies (Ossuary)
  A jackal zombie (Ossuary)
  7 kobold zombies (Ossuary)
  9 orc zombies (Ossuary)
  2 quokka zombies (D:6)
  6 rats
  A rat zombie (Ossuary)
  3 fungi (D:8)
281 creatures vanquished.

Vanquished Creatures (others)
  4 slaves (D:9)
  A hound (D:9)
  5 orcs
  7 fulminant prisms
17 creatures vanquished.

Grand Total: 298 creatures vanquished

Notes
Turn   | Place    | Note
-------+----------+-------------------------------------------
     0 | D:1      | Ijustatesigmund the Gargoyle Conjurer began the quest for the Orb.
     0 | D:1      | Reached XP level 1. HP: 10/10 MP: 3/3
   123 | D:1      | Reached XP level 2. HP: 15/15 MP: 0/5
   127 | D:1      | Learned a level 2 spell: Searing Ray
  1046 | D:1      | Reached XP level 3. HP: 19/19 MP: 2/7
  1192 | D:1      | Learned a level 3 spell: Dazzling Spray
  1497 | D:2      | Reached skill level 5 in Conjurations
  1717 | D:2      | Found a white marble altar of Elyvilon.
  1717 | D:2      | Noticed Terence
  1724 | D:2      | Killed Terence
  1724 | D:2      | Reached skill level 1 in Fighting
  1724 | D:2      | Reached XP level 4. HP: 21/25 MP: 1/8
  2096 | D:2      | Reached skill level 1 in Hexes
  2262 | D:3      | Found an ancient bone altar of Kikubaaqudgha.
  2264 | D:3      | Reached skill level 1 in Maces & Flails
  2335 | D:3      | Noticed Ferkelamun's ghost (amateur FoFi)
  2590 | D:2      | Reached XP level 5. HP: 16/30 MP: 7/9
  3146 | D:4      | Noticed an ogre
  3154 | D:4      | Killed an ogre
  3154 | D:4      | Reached XP level 6. HP: 36/36 MP: 5/10
  3220 | D:4      | Noticed Nigilith's ghost (amateur DsFi)
  3247 | D:5      | Entered Level 5 of the Dungeon
  3883 | D:3      | Found a burning altar of Makhleb.
  3941 | D:3      | Killed Ferkelamun's ghost
  4760 | D:4      | Reached XP level 7. HP: 39/41 MP: 0/11
  5122 | D:4      | Found a bloodstained altar of Trog.
  5152 | D:4      | Killed Nigilith's ghost
  5335 | D:4      | Found a runed door.
  5339 | D:4      | Noticed Crazy Yiuf
  5343 | D:4      | Killed Crazy Yiuf
  5409 | D:5      | Found a hazy altar of Hepliaklqana.
  5602 | D:5      | Reached skill level 5 in Shields
  5602 | D:5      | Reached XP level 8. HP: 41/46 MP: 8/13
  5608 | D:5      | Learned a level 4 spell: Iskenderun's Mystic Blast
  5841 | D:5      | Reached skill level 6 in Conjurations
  5889 | D:5      | Got a shimmering plate armour
  5910 | D:5      | Found a staircase to the Ecumenical Temple.
  6022 | Temple   | Entered the Ecumenical Temple
  6036 | Temple   | Became a worshipper of Vehumet
  6214 | D:5      | Reached skill level 7 in Conjurations
  6323 | D:5      | You fall through a shaft for 2 floors!
  6421 | D:6      | Found a sand-covered staircase.
  6442 | Ossuary  | Entered an ossuary
  6609 | Ossuary  | Reached * piety under Vehumet
  6609 | Ossuary  | Offered knowledge of Shock by Vehumet.
  6984 | Ossuary  | Reached skill level 8 in Conjurations
  7361 | D:6      | Noticed a hand axe
  7361 | D:6      | Noticed a hand axe
  7362 | D:6      | Found a hide-covered altar of Uskayaw.
  7518 | D:6      | Reached skill level 5 in Spellcasting
  7518 | D:6      | Reached XP level 9. HP: 44/51 MP: 1/16
  7637 | D:6      | Found a sacrificial altar of Ru.
  7738 | D:6      | Reached ** piety under Vehumet
  7753 | D:6      | Found a shadowy altar of Dithmenos.
  7761 | D:6      | Offered knowledge of Sting by Vehumet.
  8169 | D:6      | Noticed a two-headed ogre
  8196 | D:6      | Killed a two-headed ogre
  8604 | D:6      | Noticed Eustachio
  8613 | D:6      | Killed Eustachio
  8613 | D:6      | Reached skill level 5 in Fighting
  8686 | D:6      | Reached XP level 10. HP: 60/60 MP: 20/22
  8738 | D:6      | Learned a level 4 spell: Fulminant Prism
  8843 | D:6      | Identified the +8 plate armour of Untold Secrets {-Tele rC+ Int+6 SInv} (You found it on level 5 of the Dungeon)
  9599 | D:7      | Reached skill level 5 in Hexes
  9639 | D:7      | Offered knowledge of Ignite Poison by Vehumet.
  9649 | D:7      | Learned a level 3 spell: Ignite Poison
  9992 | D:8      | Reached *** piety under Vehumet
  9992 | D:8      | Reached skill level 1 in Armour
 10365 | D:8      | Noticed Prince Ribbit
 10416 | D:8      | Killed Prince Ribbit
 10708 | D:7      | Found a sparkling altar of Nemelex Xobeh.
 10708 | D:7      | Found a stormy altar of Qazlal.
 10874 | D:7      | Found a blossoming altar of Fedhas.
 10896 | D:7      | Reached skill level 5 in Armour
 10902 | D:7      | Offered knowledge of Static Discharge by Vehumet.
 11272 | D:8      | Found a blossoming altar of Fedhas.
 11437 | D:8      | Found a shimmering altar of Xom.
 11439 | D:8      | Found a shimmering altar of Xom.
 11447 | D:8      | You fall through a shaft!
 11925 | D:9      | Found a glowing golden altar of the Shining One.
 11925 | D:9      | Found a glowing silver altar of Zin.
 11925 | D:9      | Found a white marble altar of Elyvilon.
 12007 | D:9      | Reached XP level 11. HP: 45/64 MP: 23/23
 12198 | D:9      | Noticed Pikel
 12209 | D:9      | Killed Pikel
 12246 | D:9      | Noticed Erolcha
 12264 | D:9      | Killed Erolcha
 12398 | D:9      | Reached skill level 9 in Conjurations
 12613 | D:9      | Noticed Gastronok
 12636 | D:9      | Killed Gastronok
 12636 | D:9      | Reached **** piety under Vehumet
 12636 | D:9      | Reached skill level 5 in Maces & Flails
 12806 | D:9      | Noticed Erica
 12847 | D:9      | Killed Erica
 13061 | D:10     | Entered Level 10 of the Dungeon
 13120 | D:10     | Offered knowledge of Venom Bolt by Vehumet.
 13127 | D:10     | Learned a level 5 spell: Venom Bolt
 13200 | D:10     | Reached skill level 1 in Poison Magic
 13395 | D:9      | Reached skill level 10 in Conjurations
 13523 | D:10     | Noticed a brown ugly thing
 13534 | D:10     | Killed a brown ugly thing
 13779 | D:10     | Noticed Snorg
 13805 | D:10     | Found a staircase to the Lair.
 13826 | D:10     | Noticed a two-headed ogre
 14170 | Lair:1   | Entered Level 1 of the Lair of Beasts
 14280 | Lair:1   | Found a dark tunnel.
 14296 | Volcano  | Entered a volcano
 14375 | Volcano  | Reached XP level 12. HP: 62/73 MP: 1/24
 14516 | Volcano  | Reached skill level 11 in Conjurations
 14790 | Volcano  | Slain by a skeletal warrior

Vault maps used:
D:1:      dpeg_arrival_subterranean_lakeside_camping, minmay_misc_feat_iff
D:2:      first_bread, lemuel_tele_altar, uniq_terence
D:3:      old_standard_altar, lemuel_crystal_altar
D:4:      lightli_temple_of_fire, uniq_crazy_yiuf_cottage
D:5:      lemuel_round_altar, minmay_temple_entry_statues
D:6:      minmay_cornered_nines, dancing_weapons_uskayaw,
          nicolae_dithmenos_the_darkroom, nicolae_ru_awakened_eye,
          enter_ossuary_4, uniq_eustachio
D:7:      marbit_many_paths, gammafunk_temple_overflow_elements,
          grunt_livestock, grunt_ministairs_13
D:8:      xom_redecorated, fedhas_altar_3, uniq_prince_ribbit1
D:9:      good_gods_mini_temple, uniq_pikel, uniq_erica, uniq_gastronok,
          uniq_erolcha
D:10:     lair_entry_dummy, uniq_snorg
Temple:   corrupted_temple
Lair:1:   lightli_volcano_entry_magma_tube
Ossuary:  ossuary_tomb_1
Volcano:  volcano_tomb

Skill      XL: |  1  2  3  4  5  6  7  8  9 10 11 12 |
---------------+-------------------------------------+-----
Spellcasting   | 3 5 8 |  8.0
Conjurations   | 5 8 10 11 | 11.0
Fighting       | 1 2 3 5 7 |  7.8
Hexes          | 1 2 3 6 |  6.2
Maces & Flails | 1 2 3 5 |  5.6
Shields        | 5 |  5.0
Armour         | 7 |  7.3
Poison Magic   | 2 |  2.8
Dodging        | |  1.5
Stealth        | |  2.1

Action                   |  1- 3 |  4- 6 |  7- 9 | 10-12 || total
-------------------------+-------+-------+-------+-------++-------
Melee: Club              |    10 |       |       |       ||    10
       Flail             |       |    19 |   104 |   143 ||   266
 Cast: Magic Dart        |    71 |    94 |   342 |   470 ||   977
       Searing Ray       |     1 |     8 |    14 |    23 ||    46
       Dazzling Spray    |       |       |    13 |    37 ||    50
       Iskenderun's Myst |       |       |     6 |    46 ||    52
       Fulminant Prism   |       |       |       |     7 ||     7
Evoke: Wand              |       |     2 |       |     8 ||    10
  Use: Scroll            |       |    10 |     9 |     8 ||    27
       Potion            |       |       |     4 |     4 ||     8
 Stab: Invisible         |       |       |       |     1 ||     1
  Eat: Chunk             |     3 |     6 |    11 |    21 ||    41
       Bread ration      |       |     1 |       |       ||     1
       Royal jelly       |       |       |     1 |     1 ||     2
       Fruit             |       |       |       |     3 ||     3
Armor: Robe              |     5 |    19 |   130 |    41 ||   195
       Steam dragon scal |       |       |       |   251 ||   251
Dodge: Dodged            |     9 |    34 |   113 |   264 ||   420
Block: Buckler           |       |       |    41 |   123 ||   164
